 Dungeon Crawl Stone Soup version 0.27.1-33-g824d729ab1 (webtiles) character file.

Game seed: 9765653905550680674

44 Karpo the Digger (level 3, 0/19 HPs)
             Began as a Gargoyle Earth Elementalist on Dec 28, 2021.
             Slain by Terence (7 damage)
             ... on level 2 of the Dungeon.
             The game lasted 00:06:33 (2944 turns).

Karpo the Digger (Gargoyle Earth Elementalist)      Turns: 2944, Time: 00:06:34

Health: 0/19       AC:  5    Str: 11    XL:     3   Next: 62%
Magic:  3/7        EV: 11    Int: 16    God:
Gold:   101        SH:  0    Dex: 10    Spells: 3/7 levels left

rFire    . . .     SeeInvis .   g - +0 quarterstaff
rCold    . . .     Faith    .   (shield currently unavailable)
rNeg     + . .     Spirit   .   b - +0 robe
rPois    ∞         Reflect  .   (no helmet)
rElec    +         Harm     .   (no cloak)
rCorr    .         Rampage  .   (no gloves)
Will     .....                  (no boots)
Stlth    ++........             (no amulet)
HPRegen  0.06/turn              (no ring)
MPRegen  0.10/turn              (no ring)

@: no status effects
A: sickness immunity, AC +3, negative energy resistance 1, electricity
resistance, torment resistance 1, petrification resistance
a: no special abilities


You were on level 2 of the Dungeon.
You visited 1 branch of the dungeon, and saw 4 of its levels.

You collected 101 gold pieces.

Inventory:

Hand Weapons
 g - a +0 quarterstaff (weapon)
Missiles
 c - 62 stones
 i - 13 bolts
 j - 42 arrows
Armour
 b - a +0 robe (worn)
Magical Staves
 a - a staff of air
Wands
 k - a wand of flame (24)
Scrolls
 d - a scroll of brand weapon {unknown}
 e - 2 scrolls of magic mapping {unknown}
 n - a scroll of enchant armour {unknown}
Potions
 f - a potion of resistance {unknown}
 h - a potion of flight {unknown}
 l - a potion of ambrosia {unknown}
 m - a potion of might {unknown}


   Skills:
 - Level 1.5 Dodging
 - Level 2.1 Stealth
 + Level 2.8 Spellcasting
 + Level 0.7 Conjurations
 - Level 0.7 Transmutations
 + Level 4.5 Earth Magic


You had 3 spell levels left.
You knew the following spells:

 Your Spells              Type           Power      Damage    Failure   Level
a - Sandblast             Erth           32%        2d9       3%          1
b - Stone Arrow           Conj/Erth      20%        3d8       19%         3

Your spell library contained the following spells:

 Spells                   Type           Power      Damage    Failure   Level
 Passwall                 Tmut/Erth      8%         N/A       10%         2
 Swiftness                Air            2%         N/A       50%         3
 Petrify                  Tmut/Erth      10%        N/A       54%         4
 Invisibility             Hex            1%         N/A       100%        6


Dungeon Overview and Level Annotations

Branches:
Dungeon (4/15)
 Temple: D:4-7

Altars:
Gozag
Nemelex Xobeh
Qazlal

Annotations:
D:2 1 runed translucent door, Terence


Innate Abilities, Weirdness & Mutations

You are immune to sickness and miasma.
Your stone body is resilient. (AC +3)
You are immune to poison.
You resist negative energy. (rN+)
You are resistant to electric shocks. (rElec)
You are resistant to unholy torment.
You are immune to petrification.


Message History

Aiming: Sandblast (safe; 3% risk of failure)
Press: ? - help, Shift-Dir - straight line, f/p - Terence
Aim: Terence, wielding a +0 hand axe and wearing a +0 chain mail (85% to hit)
The blast of sand hits Terence.
Terence is lightly wounded.
Terence hits you with a +0 hand axe.
There is a stone staircase leading up here.
Terence screams, "I want your blood!" Terence hits you with a +0 hand axe.
You climb upwards.
Level annotation: 1 runed translucent door
There is a stone staircase leading down here.
There is an open door here.
Casting: Sandblast (safe; 3% risk of failure)
Confirm with . or Enter, or press ? or * to list all spells.
The spell is extremely dangerous to cast (19% risk of failure)!
Continue anyway?
Okay, then.
Casting: Stone Arrow (extremely dangerous; 19% risk of failure)
Confirm with . or Enter, or press ? or * to list all spells.
Aiming: Sandblast (safe; 3% risk of failure)
Press: ? - help, Shift-Dir - straight line, f - Terence
Aim: Terence, wielding a +0 hand axe and wearing a +0 chain mail (lightly wounded, 85% to hit)
The blast of sand hits Terence.
Terence is moderately wounded.
Terence hits you with a +0 hand axe.
Casting: Sandblast (safe; 3% risk of failure)
Confirm with . or Enter, or press ? or * to list all spells.
Aiming: Sandblast (safe; 3% risk of failure)
Press: ? - help, Shift-Dir - straight line, f/p - Terence
Aim: Terence, wielding a +0 hand axe and wearing a +0 chain mail (moderately wounded, 85% to hit)
The blast of sand hits Terence!
Terence is severely wounded.
Terence hits you with a +0 hand axe.
Casting: Sandblast (safe; 3% risk of failure)
Confirm with . or Enter, or press ? or * to list all spells.
Aiming: Sandblast (safe; 3% risk of failure)
Press: ? - help, Shift-Dir - straight line, f/p - Terence
Aim: Terence, wielding a +0 hand axe and wearing a +0 chain mail (severely wounded, 85% to hit)
The blast of sand misses Terence.
Terence hits you with a +0 hand axe!
You die...

#........#
#........# ♣♣♣♣♣
#........## ♣.♣..
#.........#
♣..♣...
#......>..#
.+.♣♣♣♣..
#######'### )..#
♣♣♣ #.# ## ♣ #@#
#@# #.# ### #### #
#.# #.# #..# # #.#
#.# ##.## # #.#
#.# #..# #
############.# #.#
##.## #
#............# #.#
#..# #
#.##############.#
##.# #.# #...#
#.##


You could see Terence.

Vanquished Creatures
  A worm (D:2)
  2 dart slugs
  2 orcs (D:3)
  5 endoplasms
  A giant cockroach (D:2)
  3 hobgoblins (D:2)
  6 jackals
  A quokka (D:2)
  2 ball pythons
  2 bats
  A frilled lizard (D:2)
  2 goblins
  2 kobolds
  2 rats
32 creatures vanquished.

Notes
Turn   | Place    | Note
-------+----------+-------------------------------------------
     0 | D:1      | Karpo the Gargoyle Earth Elementalist began the quest for
                  | the Orb.
     0 | D:1      | Reached XP level 1. HP: 10/10 MP: 3/3
   347 | D:1      | Reached XP level 2. HP: 3/15 MP: 3/5
   584 | D:1      | Reached skill level 4 in Earth Magic
  1891 | D:2      | Reached XP level 3. HP: 17/19 MP: 6/6
  1901 | D:2      | Learned a level 3 spell: Stone Arrow
  2774 | D:2      | Found a runed translucent door.
  2873 | D:3      | Found a sparkling altar of Nemelex Xobeh.
  2874 | D:3      | Found a stormy altar of Qazlal.
  2881 | D:3      | Found an opulent altar of Gozag.
  2926 | D:3      | Noticed Terence
  2944 | D:2      | Slain by Terence

Illustrated notes

Levels and vault maps discovered:
D:1:      dpeg_arrival_connections, layout_basic, minivault_14,
          hangedman_decor_opposing, minmay_hedge_maze
D:2:      layout_basic, hex_tiny, minivault_5, uniq_crazy_yiuf_cottage
D:3:      minmay_goblin_kobold_castle, layout_rooms,
          chequers_temple_overflow_statue_of_worship, uniq_terence
D:4:      layout_basic, minmay_checkerbox, uniq_natasha, uniq_duvessa

Skill      XL: |  1  2 |
---------------+-------+-----
Earth Magic    | 4 |  4.5
Dodging        | |  1.5
Stealth        | |  2.1
Spellcasting   | |  2.8
Conjurations   | |  0.7
Transmutations | |  0.7

Action                   || total
-------------------------++-------
Melee: Staff             ||    29
       Quarterstaff      ||    58
 Cast: Sandblast         ||    13
 Stab: Sleeping          ||     2
Armor: Robe              ||    36
Dodge: Dodged            ||    64
